 Dungeon Crawl Stone Soup version 0.31-a0-210-gccc998df9b (webtiles) character file.

Game seed: 5323690935422028821

318 porpoise the Shooter (level 6, 0/49 HPs)
             Began as a Barachi Hunter on June 29, 2023.
             Slain by Pargi (1 damage)
             ... on level 3 of the Dungeon.
             The game lasted 00:08:17 (2302 turns).

porpoise the Shooter (Barachi Hunter)               Turns: 2302, Time: 00:08:17

Health: 0/49       AC:  3    Str: 12    XL:     6   Next: 45%
Magic:  5/5        EV: 12    Int: 10    God:
Gold:   94         SH:  0    Dex: 17    Spells: 5/5 levels left

rFire   + . .        b - +0 quarterstaff
rCold   + . .        (shield currently unavailable)
rNeg    . . .        c - +0 leather armour
rPois   .            (helmet restricted)
rElec   .            (no cloak)
rCorr   .            (no gloves)
SInv    .            (no boots)
Will    +....        (no amulet)
Stlth   ++           m - ring of protection from fire
HPRegen 0.28/turn    (no ring)
MPRegen 0.09/turn

%: no passive effects
@: slow
A: amphibious, slowness 1, strong legs 1, +LOS, horns 1, cold resistance 1, low
MP 1, strong-willed 1
a: Hop


You were on level 3 of the Dungeon.
You visited 1 branch of the dungeon, and saw 3 of its levels.

You collected 94 gold pieces.

Inventory:

Hand Weapons
 a - a +0 shortbow
 b - a +0 quarterstaff (weapon)
Missiles
 o - 4 poisoned darts (quivered)
Armour
 c - a +0 leather armour (worn)
Jewellery
 l - a ring of protection from fire
 m - a ring of protection from fire (left hand)
Scrolls
 e - a scroll of poison {unknown}
 f - 4 scrolls of enchant weapon {unknown}
 h - a scroll of brand weapon {unknown}
 i - 2 scrolls of fear {unknown}
 j - 2 scrolls of identify {unknown}
 p - 4 scrolls of teleportation {unknown}
 r - a scroll of immolation {unknown}
 w - a scroll of butterflies
Potions
 g - 2 potions of attraction


   Skills:
 + Level 4.4 Fighting
 * Level 6.0 Ranged Weapons
 - Level 2.1 Dodging
 + Level 3.1 Stealth


You had 5 spell levels left.
You didn't know any spells.
Your spell library contained the following spells:

 Spells                   Type           Power      Damage    Failure   Level
 Blade Hands              Tmut           0%         N/A       100%        5
 Irradiate                Conj/Tmut      0%         3d11      100%        5
 Dragon Form              Tmut           0%         N/A       100%        7


Dungeon Overview and Level Annotations

Branches:
Dungeon (3/15)

Altars:
Uskayaw

Shops:
D:1 =*(

Annotations:
D:2 exclusion: downstairs
D:3 Pargi


Innate Abilities, Weirdness & Mutations

You are amphibious.
You cover ground slowly.
You can hop short distances.
You have an extended range of vision and can be seen from far away.
You have a pair of small horns on your head.
Your flesh is cold resistant. (rC+)
Your magical capacity is low. (-10% MP)
You are strong-willed. (Will+)


Message History

Pargi is moderately wounded.
Pargi closely misses you. Pargi misses you. Pargi barely misses you.
You shoot an arrow. The arrow hits Pargi.
Pargi is moderately wounded.
Pargi bites you but does no damage. Pargi barely misses you. x2
You shoot an arrow. The arrow closely misses Pargi.
The arrow hits the human zombie but does no damage.
The human zombie is moderately damaged.
Pargi bites you.
* * * LOW HITPOINT WARNING * * *
Pargi barely misses you. Pargi claws you.
* * * LOW HITPOINT WARNING * * *
Pargi bites you.
* * * LOW HITPOINT WARNING * * *
Pargi closely misses you. Pargi claws you but does no damage.
It was a potion of cancellation.
You feel magically purged. Pargi bites you.
* * * LOW HITPOINT WARNING * * *
Pargi claws you.
* * * LOW HITPOINT WARNING * * *
Pargi closely misses you.
You feel better. Pargi bites you!
* * * LOW HITPOINT WARNING * * *
Pargi claws you.
* * * LOW HITPOINT WARNING * * *
Pargi misses you.
b - a +0 quarterstaff (weapon)
You sock Pargi! You headbutt Pargi, but do no damage.
Pargi is heavily wounded.
Pargi barely misses you. Pargi claws you but does no damage.
Pargi closely misses you.
You hit Pargi. You headbutt Pargi.
Pargi is severely wounded.
Pargi bites you.
* * * LOW HITPOINT WARNING * * *
Pargi claws you.
* * * LOW HITPOINT WARNING * * *
Pargi claws you.
* * * LOW HITPOINT WARNING * * *
Pargi bites you.
You die...

# #. ## #.
###########.
###.
#...........
.....
####>######....
...... ##....#
#....
....$..###..####
#....
......ZT@..##
#....
.......#####
#..). ......
##### ..... ####


You could see Pargi and a human zombie.

Vanquished Creatures
  Sigmund (D:2)
  An ice beast (D:3)
  2 adders (D:2)
  2 worms (D:2)
  2 dart slugs
  An orc (D:3)
  5 bats
  2 endoplasms
  3 giant cockroaches
  5 goblins
  4 hobgoblins
  2 kobolds (D:2)
  5 ball pythons
  2 frilled lizards (D:1)
37 creatures vanquished.

Notes
Turn   | Place    | Note
-------+----------+-------------------------------------------
     0 | D:1      | porpoise the Barachi Hunter began the quest for the Orb.
     0 | D:1      | Reached XP level 1. HP: 17/17 MP: 1/1
   174 | D:1      | Reached skill level 1 in Stealth
   299 | D:1      | Found Ynnuasypp's Antique Weapon Emporium.
   516 | D:1      | Found Verehigo's General Store.
   528 | D:1      | Reached XP level 2. HP: 23/23 MP: 2/2
   646 | D:1      | Found Sualu's Jewellery Shoppe.
   906 | D:2      | Reached XP level 3. HP: 22/29 MP: 3/3
   954 | D:2      | Found a faded altar of an unknown god.
  1544 | D:2      | Reached XP level 4. HP: 35/35 MP: 4/4
  1585 | D:2      | Noticed Sigmund
  1619 | D:2      | Gained mutation: Your magical capacity is low. (-10% MP)
                  | [potion of mutation]
  1619 | D:2      | Gained mutation: Your flesh is cold resistant. (rC+)
                  | [potion of mutation]
  1619 | D:2      | Gained mutation: You have a pair of small horns on your
                  | head. [potion of mutation]
  1619 | D:2      | Gained mutation: You are strong-willed. (Will+) [potion of
                  | mutation]
  1626 | D:2      | Killed Sigmund
  1627 | D:2      | Reached skill level 5 in Ranged Weapons
  1627 | D:2      | Reached XP level 5. HP: 22/42 MP: 4/4
  1627 | D:2      | Reached XP level 6. HP: 25/48 MP: 5/5
  2018 | D:3      | Noticed a +0 dagger
  2019 | D:3      | Noticed a +0 falchion
  2019 | D:3      | Noticed a +0 short sword
  2020 | D:3      | Noticed a +0 dagger
  2022 | D:3      | Noticed a +0 short sword
  2022 | D:3      | Noticed a +0 spear
  2023 | D:3      | Noticed a +0 spear
  2026 | D:3      | Noticed a +0 falchion
  2027 | D:3      | Found a hide-covered altar of Uskayaw.
  2027 | D:3      | Noticed an ice beast
  2054 | D:3      | Killed an ice beast
  2055 | D:3      | Reached skill level 6 in Ranged Weapons
  2285 | D:3      | Noticed Pargi
  2302 | D:3      | HP: 1/49 [Pargi (2)]
  2302 | D:3      | Slain by Pargi

Illustrated notes

Levels and vault maps discovered:
D:1:      minmay_arrival_doors, layout_basic, serial_co_window_serial,
          co_window_paths_a, co_window_paths_b, co_window_paths_b,
          co_window_paths_a, co_window_paths_a, co_window_corner_a,
          co_window_corner_a, co_window_of_opportunity_c, co_window_corner_b,
          co_window_2corner, co_window_broadway_a, co_window_of_opportunity_b,
          co_window_paths_e, glass_columns_a, glass_columns_c, glass_columns_c,
          glass_columns_a, glass_columns_c, serial_shops, shop_fountains,
          shop_statue, nicolae_shop_behind_doors, minmay_misc_feat_plants
D:2:      layout_loops_ring, ebering_ecumenical_altar_rust,
          hangedman_feature_mirror, minmay_stone_trees_small, uniq_sigmund
D:3:      minmay_chambers_of_twos, layout_rooms, nicolae_uskayaw_en_pointe,
          dk_yredelemnul_ordeal, nicolae_underground_beach, uniq_ijyb,
          uniq_pargi

Skill      XL: |  1  2  3  4  5  6 |
---------------+-------------------+-----
Stealth        | 1 2 3 |  3.1
Fighting       | 3 4 |  4.4
Ranged Weapons | 5 6 |  6.0
Dodging        | |  2.1

Action                     |  1- 3 |  4- 6 || total
---------------------------+-------+-------++-------
  Melee: Quarterstaff      |       |     7 ||     7
         Shortbow          |       |     2 ||     2
         Headbutt          |       |     4 ||     4
   Fire: Shortbow          |   106 |    58 ||   164
  Throw: Dart              |       |     3 ||     3
    Use: Potion            |     2 |     7 ||     9
   Stab: Sleeping          |       |     1 ||     1
 Armour: Leather armour    |    11 |    19 ||    30
         Skin              |     5 |     2 ||     7
  Dodge: Dodged            |    27 |    42 ||    69

Table legend: (Time is in decaauts)
 A = Elapsed time spent in this place.
 B = Non-inter-level travel time spent in this place.
 C = Inter-level travel time spent in this place.
 D = Time resting spent in this place.
 E = Time spent auto-exploring this place.
 F = Levels seen in this place.
 G = Mean time per level.
                   A        B        C        D        E       F      G
               +--------+--------+--------+--------+--------+-----+--------+
         Total |   2635 |   2519 |    116 |    485 |   1661 |   3 |  878.3 |
       Dungeon |   2635 |   2519 |    116 |    485 |   1661 |   3 |  878.3 |
               +--------+--------+--------+--------+--------+-----+--------+

Top non-repeatable levels by time:
     D:2: 1122 daAuts
     D:1: 1062 daAuts
     D:3: 449 daAuts
